 Dungeon Crawl Stone Soup version 0.28.0-49-g6dfe1f597d (webtiles) character file.

Game seed: 2904081983516385059

19 Exodus22XD the Poker (level 2, 0/22 HPs)
             Began as a Demonspawn Gladiator on May 15, 2022.
             Succumbed to an adder's poison
             ... on level 2 of the Dungeon.
             The game lasted 00:00:27 (771 turns).

Exodus22XD the Poker (Demonspawn Gladiator)          Turns: 771, Time: 00:00:28

Health: 0/22       AC:  7    Str: 14    XL:     2   Next: 55%
Magic:  2/2        EV: 10    Int:  9    God:
Gold:   61         SH:  0    Dex: 14    Spells: 1/1 levels left

rFire   . . .      SeeInvis .   a - +0 trident
rCold   . . .      Faith    .   (no shield)
rNeg    . . .      Spirit   .   g - +0 scale mail
rPois   .          Reflect  .   c - +0 helmet
rElec   .          Harm     .   (no cloak)
rCorr   .          Rampage  .   (no gloves)
Will    .....                   (no boots)
Stlth   ..........              (no amulet)
HPRegen 0.07/turn               (no ring)
MPRegen 0.08/turn               (no ring)

@: lethally poisoned (0 -> -1)
A: demonic touch 1
a: no special abilities


You were on level 2 of the Dungeon.
You visited 1 branch of the dungeon, and saw 2 of its levels.

You collected 61 gold pieces.

Inventory:

Hand Weapons
 a - a +0 trident (weapon)
Missiles
 d - 3 throwing nets (quivered)
Armour
 b - a +0 leather armour
 c - a +0 helmet (worn)
 g - a +0 scale mail (worn)
Jewellery
 f - a ring of poison resistance
Potions
 e - a potion of haste {unknown}


   Skills:
 + Level 2.1 Fighting
 + Level 3.1 Polearms
 + Level 1.8 Throwing
 + Level 0.1 Armour
 + Level 3.0 Dodging


You had one spell level left.
You didn't know any spells.
Your spell library was empty.

Dungeon Overview and Level Annotations

Branches:
Dungeon (2/15)

Altars:


Innate Abilities, Weirdness & Mutations

Your touch may inflict minor irresistible damage on your foes.


Message History

The adder is moderately wounded.
You feel sick. The adder barely misses you. The adder bites you.
There are monsters nearby!
You hit the adder. Your punch misses the adder.
The adder is moderately wounded.
You feel sick. The goblin hits you but does no damage.
The adder barely misses you. The goblin hits you but does no damage.
There are monsters nearby!
You hit the adder. Your touch misses the adder.
The adder is heavily wounded.
You feel sick. The adder closely misses you. The adder bites you.
The goblin hits you but does no damage.
There are monsters nearby!
You closely miss the adder.
The adder is heavily wounded.
You feel sick. The adder barely misses you.
The goblin hits you but does no damage. The adder bites you.
You are more poisoned.
The adder poisons you!
There are monsters nearby!
You are too injured to fight recklessly!
There are monsters nearby!
You are too injured to fight recklessly!
You feel sick.
You see here 8 gold pieces.
You feel sick.
You puncture the adder!
You kill the adder!
You feel sick.
You hit the goblin. Your touch misses the goblin.
The goblin is severely wounded.
You feel sick. The goblin hits you with a +0 club.
* * * LOW HITPOINT WARNING * * *
You barely miss the goblin.
The goblin is severely wounded.
* * * LOW HITPOINT WARNING * * *
You feel sick. The goblin barely misses you.
You completely miss the goblin.
The goblin is severely wounded.
You die...

## #. ....##
###.#..#
......#######
####..........##
...............#
#.....?..#
#g.......##
#@.........
####..........
#.............
#.####.####...
#.##+#†#
#......# .#
##.....##...#
#..........#
#....###....#


You could see a goblin.

Vanquished Creatures
  An adder (D:2)
  An endoplasm (D:1)
  A goblin (D:1)
  7 ball pythons
  3 frilled lizards (D:1)
13 creatures vanquished.

Notes
Turn   | Place    | Note
-------+----------+-------------------------------------------
     0 | D:1      | Exodus22XD the Demonspawn Gladiator began the quest for the
                  | Orb.
     0 | D:1      | Reached XP level 1. HP: 16/16 MP: 1/1
    33 | D:1      | Found a faded altar of an unknown god.
   541 | D:1      | Gained mutation: Your touch may inflict minor irresistible
                  | damage on your foes. [demonic ancestry]
   541 | D:1      | Reached XP level 2. HP: 21/22 MP: 2/2
   770 | D:2      | HP: 1/22 [poisoned by an adder]
   771 | D:2      | Succumbed to an adder's poison

Illustrated notes

Levels and vault maps discovered:
D:1:      dpeg_arrival_solitude, layout_basic, basic_ecumenical_altar
D:2:      layout_basic, chequers_serial_rivers_room_b, minmay_surrounded,
          uniq_natasha

Skill      XL: |  1  2 |
---------------+-------+-----
Dodging        | 3 |  3.0
Polearms       | 3 |  3.1
Fighting       | |  2.1
Throwing       | |  1.8
Armour         | |  0.1

Action                   || total
-------------------------++-------
Melee: Trident           ||    42
       Touch             ||     1
Armor: Leather armour    ||     4
       Scale mail        ||     4
Dodge: Dodged            ||    23
